 Dungeon Crawl Stone Soup version 0.29.1-2-gbd0b4ee654 (webtiles) character file.

Game seed: 11249025944329864530

110 tevo3000 the Poker (level 4, -6/42 HPs)
             Began as a Naga Warper on Nov 28, 2022.
             Mangled by an orc
             ... wielding a +0 flail
              (7 damage)
             ... on level 4 of the Dungeon.
             The game lasted 00:10:18 (4222 turns).

tevo3000 the Poker (Naga Warper)                    Turns: 4222, Time: 00:10:19

Health: -6/42      AC:  7    Str: 16    XL:     4   Next: 91%
Magic:  7/7        EV:  5    Int: 19    God:
Gold:   123        SH:  0    Dex: 10    Spells: 5/7 levels left

rFire   . . .      SeeInvis +   a - +0 spear
rCold   . . .      Faith    .   (no shield)
rNeg    . . .      Spirit   .   r - +0 chain mail
rPois   +          Reflect  .   s - +2 hat
rElec   .          Harm     .   (no cloak)
rCorr   .          Rampage  .   (no gloves)
Will    .....                   (no barding)
Stlth   ..........              (no amulet)
HPRegen 0.14/turn               m - +6 ring of intelligence
MPRegen 0.10/turn               (no ring)

@: very slow
A: AC +1, large, see invisible, deformed body, poison resistance, slowness 2,
spit poison 1, naga tail 1
a: Spit Poison


You were on level 4 of the Dungeon.
You visited 1 branch of the dungeon, and saw 4 of its levels.

You collected 123 gold pieces.

Inventory:

Hand Weapons
 a - a +0 spear (weapon)
Missiles
 d - 7 boomerangs of dispersal (quivered)
 g - 5 boomerangs
Armour
 b - a +0 leather armour
 h - a +0 helmet
 r - a +0 chain mail (worn)
 s - a +2 hat (worn)
Jewellery
 m - a +6 ring of intelligence (left hand)
Scrolls
 c - a scroll of blinking
 e - 2 scrolls of noise {unknown}
 i - 2 scrolls of poison {unknown}
 k - 6 scrolls of identify {unknown}
 o - a scroll of teleportation {unknown}
 t - 2 scrolls of brand weapon {unknown}
Potions
 f - a potion of flight {unknown}
 j - a potion of heal wounds
 l - a potion of might {unknown}
 n - a potion of curing {unknown}
 p - a potion of degeneration {unknown}
 q - a potion of lignification {unknown}


   Skills:
 + Level 3.0 Fighting
 * Level 3.7 Polearms
 - Level 0.8 Throwing
 - Level 0.7 Armour
 + Level 2.3 Dodging
 - Level 2.0 Spellcasting
 - Level 3.0 Translocations


You had 5 spell levels left.
You knew the following spells:

 Your Spells              Type           Power      Damage    Failure   Level
a - Blink                 Tloc           26%        N/A       83%         2

Your spell library contained the following spells:

 Spells                   Type           Power      Damage    Failure   Level
 Gell's Gravitas          Tloc           13%        N/A       96%         3
 Lesser Beckoning         Tloc           13%        N/A       96%         3
 Teleport Other           Tloc           13%        N/A       96%         3
 Sting                    Tmut/Pois      4%         1d3       98%         1
 Poisonous Vapours        Pois/Air       2%         N/A       99%         2
 Static Discharge         Conj/Air       1%         3-4/arc   99%         2
 Summon Guardian Golem    Hex/Summ       1%         N/A       100%        3
 Olgreb's Toxic Radiance  Pois           1%         N/A       100%        4
 Lightning Bolt           Conj/Air       0%         1d11      100%        5
 Manifold Assault         Tloc           13%        N/A       100%        5
 Orb of Destruction       Conj           0%         9d5       100%        7
 Spellforged Servitor     Conj/Summ      0%         N/A       100%        7
 Maxwell's Capacitive Co  Air            0%         ∞         100%        8


Dungeon Overview and Level Annotations

Branches:
Dungeon (4/15)
 Temple: D:4-7

Altars:
Elyvilon
Qazlal

Shops:
D:1 (*


Innate Abilities, Weirdness & Mutations

Your serpentine skin is tough. (AC +1)
You have supernaturally acute eyesight. (SInv)
Armour fits poorly on your strangely shaped body.
Your system is resistant to poisons. (rPois)
You cover ground very slowly.
You can spit poison.
You have a snake-like lower body.


Message History

The orc attacks as you move away! The orc hits you with a +0 short sword.
You hit the orc but do no damage. The orc closely misses you.
You hit the orc but do no damage. You barely miss the orc.
The orc is lightly wounded.
You hit the orc.
The orc is heavily wounded.
You hit the orc but do no damage. The orc hits you with a +0 flail.
The orc hits you but does no damage.
You hit the orc but do no damage. You hit the orc but do no damage.
The orc hits you with a +0 flail. The orc hits you with a +0 short sword.
The orc barely misses you. The orc hits you but does no damage.
Found 5 large rocks.
You hit the orc but do no damage.
The orc is heavily wounded.
The orc hits you with a +0 short sword.
You hit the orc.
The orc is almost dead.
The orc barely misses you.
You hit the orc but do no damage.
The orc is almost dead.
The orc hits you but does no damage.
You hit the orc.
You kill the orc!
You hit the orc but do no damage.
The orc is heavily wounded.
The orc hits you with a +0 club. The orc hits you with a +0 flail.
* * * LOW HITPOINT WARNING * * *
Things that are here:
a +0 short sword; a +0 chain mail; an orc corpse You hit the orc but do no damage.
The orc hits you with a +0 club.
* * * LOW HITPOINT WARNING * * *
The orc hits you with a +0 flail!
* * * LOW HITPOINT WARNING * * *
You hit the orc.
The orc is lightly wounded.
The orc hits you with a +0 flail!
You die...

......#.........# #...........
.....)#.#.#####.# #...........
......#.#.....#.# #...........
......#.####.##.# #...........
......'...#...#.####...........
[.....##.##...#(...#...........
########<##...#.##.###.########
#####.##o##............
#†##.@o..>......... #
##.########.........
...###...###...#.########
.P....._.....P...#
..)###...###...### # ##.##
##### #.# ##.## #...#


You could see 2 orcs.

Vanquished Creatures
  5 adders
  4 dart slugs
  An orc (D:4)
  6 ball pythons
  4 bats
  6 endoplasms
  6 giant cockroaches
  5 goblins
  4 hobgoblins
  A kobold (D:1)
  2 quokkas
  2 frilled lizards
  7 rats
  A bush (D:4)
54 creatures vanquished.

Notes
Turn   | Place    | Note
-------+----------+-------------------------------------------
     0 | D:1      | tevo3000 the Naga Warper began the quest for the Orb.
     0 | D:1      | Reached XP level 1. HP: 19/19 MP: 3/3
    50 | D:1      | Found Byraep's Antique Weapon Shoppe.
   629 | D:1      | Found a faded altar of an unknown god.
   644 | D:1      | Reached XP level 2. HP: 23/26 MP: 5/5
  1004 | D:1      | Learned a level 2 spell: Blink
  1248 | D:1      | Found Teug's General Store.
  1312 | D:1      | Reached XP level 3. HP: 28/33 MP: 6/6
  1576 | D:2      | Found a stormy altar of Qazlal.
  2389 | D:2      | Reached XP level 4. HP: 36/40 MP: 7/7
  3865 | D:4      | Found a white marble altar of Elyvilon.
  4221 | D:4      | HP: 1/42 [orc/+0 flail (7)]
  4222 | D:4      | Mangled by an orc

Illustrated notes

Levels and vault maps discovered:
D:1:      wander_arrival_lonely_grave, layout_basic, serial_shops, shop,
          nicolae_shop_temple_entry_statues_fountains,
          hellmonk_ecumenical_altar_heavens_door, chequers_serial_rivers_room_b
D:2:      layout_basic, basic_altar
D:3:      layout_basic
D:4:      layout_basic, nicolae_gozag_seed_capital, elyvilon_altar_1,
          temple_statues

Skill      XL: |  1  2  3  4 |
---------------+-------------+-----
Dodging        | 2 |  2.3
Polearms       | 3 |  3.7
Fighting       | 3 |  3.0
Throwing       | |  0.8
Armour         | |  0.7
Spellcasting   | |  2.0
Translocations | |  3.0

Action                   |  1- 3 |  4- 6 || total
-------------------------+-------+-------++-------
Melee: Spear             |   151 |   439 ||   590
       Punch             |       |     8 ||     8
 Abil: Spit Poison       |     1 |       ||     1
  Use: Potion            |       |     1 ||     1
Armor: Leather armour    |    54 |    20 ||    74
       Chain mail        |       |    27 ||    27
Dodge: Dodged            |    83 |    80 ||   163
